[Event "Titled Tuesday Blitz August 08 Late 2023"]
[White "Harish, Neeraj"]
[Black "Gaal, Zsoka"]
[WhiteFideId "30958130"]
[BlackFideId "777765"]
[WhiteElo "2331"]
[BlackElo "2478"]
[Result "0-1"]
[Round "8"]
[TimeControl "180+1"]
[Date "2023.08.08"]
[WhiteClock "0:00:08"]
[BlackClock "0:01:31"]
[Board "88"]

1. e4 Nf6 2. e5 Nd5 3. c4 Nb6 4. d4 d6 5. exd6 cxd6 6. Nc3 g6 7. Be3 Bg7 8. Rc1 O-O 9. b3 Bf5 10. Be2 d5 11. c5 Nc8 12. Nf3 Bg4 13. h3 Bxf3 14. Bxf3 e6 15. O-O Nc6 16. Rb1 N8e7 17. b4 Nf5 18. Ne2 a6 19. a4 Nh4 20. b5 axb5 21. axb5 Na5 22. Nc3 Nc4 23. g3 Nxf3+ 24. Qxf3 Ra3 25. Rfc1 Qa5 26. Ne2 Nxe3 27. fxe3 Qd2 28. Rd1 Qxe3+ 29. Qxe3 Rxe3 30. Kf2 Ra3 31. c6 bxc6 32. bxc6 Rc8 33. Rb6 Ra2 34. Kf1 Rc2 35. Rdb1 R2xc6 36. Rb7 R6c7 37. Rxc7 Rxc7 38. Rb8+ Bf8 39. Kf2 Kg7 40. Kf3 Bd6 41. Ra8 Rb7 42. Ra2 Rb3+ 43. Kf2 Rd3 44. Ra4 h5 45. Ra6 Bb8 46. Ra4 g5 47. Kg2 h4 48. gxh4 gxh4 49. Ng1 Rd2+ 50. Kf1 Bg3 51. Ne2 Kg6 52. Ra3 Bd6 53. Rf3 f6 54. Rf2 Rd1+ 55. Kg2 Rd3 56. Rf1 Kg5 57. Rg1 Bg3 58. Ra1 e5 59. dxe5 fxe5 60. Ra8 Kf5 61. Rf8+ Ke4 62. Rg8 Rd2 63. Rg4+ Ke3 64. Kf1 Rxe2 65. Kg1 Re1+ 66. Kg2 Re2+ 67. Kg1 d4 68. Rg5 Re1+ 69. Kg2 Re2+ 70. Kg1 d3 71. Rxe5+ Bxe5 0-1


[Site "https://www.chess.com"]

[Event "Titled Tuesday Blitz August 08 Late 2023"]
[White "Fernandez Siles, Luis"]
[Black "ChessSG1"]
[WhiteFideId "2209420"]
[WhiteElo "2337"]
[BlackElo "2470"]
[Result "1-0"]
[Round "8"]
[TimeControl "180+1"]
[Date "2023.08.08"]
[WhiteClock "0:00:23"]
[BlackClock "0:00:00"]
[Board "89"]

1. e4 c5 2. Nf3 e6 3. c3 Nf6 4. e5 Nd5 5. Bc4 d6 6. d4 cxd4 7. cxd4 Be7 8. O-O O-O 9. Qe2 b6 10. Nc3 Nxc3 11. bxc3 Nd7 12. Bd3 Bb7 13. exd6 Bxd6 14. Bd2 Qc7 15. h3 Bf4 16. Ng5 Nf6 17. Bxf4 Qxf4 18. Qe3 Qxe3 19. fxe3 h6 20. Nf3 Nd5 21. Be4 Ba6 22. Bxd5 exd5 23. Rfe1 Rac8 24. Rac1 Rc4 25. e4 dxe4 26. Rxe4 Ra4 27. Re7 Bb5 28. Ne5 Rxa2 29. c4 Be8 30. c5 f6 31. c6 fxe5 32. c7 Bg6 33. c8=Q Rxc8 34. Rxc8+ Kh7 35. Rxe5 Ra1+ 36. Kf2 a5 37. d5 Ra2+ 38. Kg3 a4 39. d6 1-0


[Site "https://www.chess.com"]

[Event "Titled Tuesday Blitz August 08 Late 2023"]
[White "Skaric, Djuro"]
[Black "Cheer_Down"]
[WhiteFideId "934569"]
[WhiteElo "2330"]
[BlackElo "2469"]
[Result "0-1"]
[Round "8"]
[TimeControl "180+1"]
[Date "2023.08.08"]
[WhiteClock "0:00:00"]
[BlackClock "0:00:10"]
[Board "90"]

1. g3 d5 2. Bg2 Nc6 3. d3 e5 4. Nf3 Nf6 5. O-O Be7 6. Nc3 O-O 7. e4 dxe4 8. dxe4 Qxd1 9. Rxd1 Bg4 10. Be3 Rfd8 11. a3 Bxf3 12. Bxf3 Nd4 13. Bxd4 exd4 14. Ne2 c5 15. b3 Rac8 16. Bg2 Ng4 17. h3 Ne5 18. f4 d3 19. cxd3 Nxd3 20. Nc3 c4 21. b4 a5 22. Nd5 Bf8 23. bxa5 Ra8 24. e5 Rxa5 25. Nb4 Bxb4 26. axb4 Rxa1 27. Rxa1 c3 28. Be4 Nxb4 29. Rc1 Na2 30. Ra1 Rd2 31. Rb1 c2 32. Bxc2 Rxc2 33. Rxb7 g6 34. Rb8+ Kg7 35. Rb7 Kf8 36. Rb8+ Ke7 37. Rh8 h5 38. g4 hxg4 39. hxg4 Nc3 40. Kf1 Nd5 41. f5 gxf5 42. g5 f4 43. Rh7 Ke6 44. Ke1 Rc4 45. Kf2 Re4 46. Kf3 Rxe5 47. Rh6+ Ke7 48. Kg4 Re1 49. Ra6 Re6 50. Ra7+ Kf8 51. Kf5 Kg7 52. Rd7 Ne7+ 53. Kxf4 Ng6+ 54. Kf5 Re5+ 55. Kg4 Ra5 56. Rd4 Rb5 57. Re4 Ne5+ 58. Kg3 Ng6 59. Kg4 Rb1 60. Kg3 Rg1+ 61. Kf3 Rxg5 62. Rd4 Rf5+ 63. Kg4 Rf6 64. Kg5 Re6 65. Rd7 Re5+ 66. Kg4 Re7 67. Rd6 Re6 68. Rd5 Kf6 69. Rd8 Re4+ 70. Kf3 Ra4 71. Rd6+ Kg5 72. Rd5+ f5 73. Rc5 Ra3+ 74. Kg2 Kg4 75. Rc6 Nf4+ 76. Kf2 Ra2+ 77. Kf1 Kf3 78. Rc3+ Ke4 79. Kg1 Nd3 80. Rc4+ Ke3 81. Rc5 f4 82. Rc6 Ra1+ 83. Kh2 f3 84. Kg3 Rg1+ 85. Kh2 Rg8 86. Re6+ Kf2 87. Rf6 Rh8+ 0-1


[Site "https://www.chess.com"]

[Event "Titled Tuesday Blitz August 08 Late 2023"]
[White "Stachanczyk, Jacek"]
[Black "Luczak, Filip"]
[WhiteFideId "1116657"]
[BlackFideId "1193686"]
[WhiteElo "2329"]
[BlackElo "2467"]
[Result "1-0"]
[Round "8"]
[TimeControl "180+1"]
[Date "2023.08.08"]
[WhiteClock "0:01:32"]
[BlackClock "0:01:15"]
[Board "91"]

1. d4 d5 2. c4 e6 3. Nf3 c5 4. cxd5 exd5 5. Nc3 Nf6 6. g3 Nc6 7. Bg2 cxd4 8. Nxd4 Bc5 9. Nxc6 bxc6 10. O-O O-O 11. Qc2 Bb6 12. Na4 Bb7 13. b4 Qe7 14. Nc5 Bxc5 15. bxc5 Ba6 16. Re1 Bc4 17. Bf4 Qxc5 18. e4 Qa5 19. e5 Nd7 20. e6 fxe6 21. Rxe6 Rxf4 22. gxf4 Nc5 23. Rxc6 Nd3 24. Rxc4 Ne1 25. Rc8+ Rxc8 26. Qxc8+ Kf7 27. Qf5+ Ke7 28. Qe5+ 1-0


[Site "https://www.chess.com"]

[Event "Titled Tuesday Blitz August 08 Late 2023"]
[White "Ljukin, Sergei"]
[Black "Lopez Idarraga, Daniel Eduardo"]
[WhiteFideId "14102200"]
[BlackFideId "4405501"]
[WhiteElo "2466"]
[BlackElo "2328"]
[Result "0-1"]
[Round "8"]
[TimeControl "180+1"]
[Date "2023.08.08"]
[WhiteClock "0:00:00"]
[BlackClock "0:01:06"]
[Board "92"]

1. e4 c6 2. d4 d5 3. e5 Bf5 4. Nd2 e6 5. Nb3 Nd7 6. Nf3 c5 7. dxc5 Nxc5 8. Be2 a6 9. O-O Rc8 10. c3 Ne7 11. Nxc5 Rxc5 12. Be3 Rc8 13. b4 Bg4 14. Nd4 Bxe2 15. Qxe2 Rxc3 16. b5 a5 17. b6 Nc6 18. Nb5 Rxe3 19. Nc7+ Kd7 20. Qxe3 Qh4 21. f4 Qe7 22. Rfc1 Qa3 23. Qf2 Qd3 24. Rab1 Qd4 25. Qxd4 Nxd4 26. Kf2 Ba3 27. Rc3 Bb4 28. Rcc1 Rc8 29. Ke3 Nc6 30. Nb5 h5 31. Nd4 Ba3 32. Rc3 Bb4 33. Rc2 Nxd4 34. Rxc8 Nf5+ 35. Kd3 Kxc8 36. Rc1+ Kb8 37. Rc7 a4 38. Rxf7 Bc5 39. h3 h4 40. Rd7 Bxb6 0-1


[Site "https://www.chess.com"]

[Event "Titled Tuesday Blitz August 08 Late 2023"]
[White "KrokerGuy"]
[Black "Vafin, Ayrat"]
[BlackFideId "4146530"]
[WhiteElo "2461"]
[BlackElo "2314"]
[Result "0-1"]
[Round "8"]
[TimeControl "180+1"]
[Date "2023.08.08"]
[WhiteClock "0:00:01"]
[BlackClock "0:00:26"]
[Board "93"]

1. e4 e5 2. Nf3 Nf6 3. Nxe5 d6 4. Nf3 Nxe4 5. Nc3 Nxc3 6. dxc3 Be7 7. Be3 Nc6 8. Qd2 Be6 9. O-O-O Qd7 10. h4 h6 11. Bd4 Nxd4 12. Nxd4 O-O-O 13. Bb5 c6 14. Ba4 Bf6 15. Nxe6 fxe6 16. g3 d5 17. Rhe1 e5 18. Kb1 Kb8 19. Bb3 Rhe8 20. Qe3 Qc7 21. Qf3 e4 22. Qe3 Re7 23. Re2 Rde8 24. Rde1 Ka8 25. Qd2 Qb6 26. Re3 Qa5 27. Qe2 d4 28. cxd4 Bxd4 29. Rd1 Bxe3 30. Qxe3 Rd8 31. Re1 Qd2 32. a4 Qxe3 33. Rxe3 g5 34. hxg5 hxg5 35. f3 Rde8 36. a5 exf3 37. Rxf3 Re3 38. Rf7 a6 39. g4 R3e4 40. c3 Rxg4 41. Rg7 Rg2 42. Bc4 Re5 43. Rg8+ Ka7 44. Bd3 Re3 45. Bc4 Re5 46. Rg7 Rxa5 47. Bd3 Re5 48. Bc4 Rd2 49. b4 0-1


[Site "https://www.chess.com"]

[Event "Titled Tuesday Blitz August 08 Late 2023"]
[White "Kubatko, Ivan"]
[Black "Talbi, Chafik"]
[WhiteFideId "24111473"]
[BlackFideId "7903715"]
[WhiteElo "2451"]
[BlackElo "2317"]
[Result "1-0"]
[Round "8"]
[TimeControl "180+1"]
[Date "2023.08.08"]
[WhiteClock "0:00:06"]
[BlackClock "0:00:00"]
[Board "94"]

1. e4 c6 2. d4 d5 3. exd5 cxd5 4. c4 Nf6 5. Nc3 Nc6 6. Bg5 e6 7. Nf3 Be7 8. Bd3 dxc4 9. Bxc4 h6 10. Bh4 a6 11. a3 b5 12. Ba2 Bb7 13. O-O O-O 14. Rc1 Nd5 15. Bg3 Nxc3 16. Rxc3 Bf6 17. Rd3 Ne7 18. Re1 Bd5 19. Bb1 Nf5 20. Rd2 Bxf3 21. gxf3 Nxd4 22. Kg2 Ra7 23. Re4 Rd7 24. Rd3 Re8 25. h4 Ree7 26. Rg4 Nf5 27. h5 Rxd3 28. Qxd3 Qxd3 29. Bxd3 Bxb2 30. a4 Rd7 31. Be4 bxa4 32. Bxf5 exf5 33. Rxa4 Ra7 34. Bb8 Ra8 35. Bd6 Bc3 36. Kf1 g6 37. hxg6 fxg6 38. Bf4 g5 39. Bd6 Kf7 40. Ke2 a5 41. Kd3 Be1 42. Kc4 Bxf2 43. Kd5 Kg6 44. Kc6 h5 45. Kd7 g4 46. Ke6 g3 47. Ra2 a4 48. Bf4 1-0


[Site "https://www.chess.com"]

[Event "Titled Tuesday Blitz August 08 Late 2023"]
[White "Omariev, Maksim"]
[Black "Steindl, Johannes"]
[WhiteFideId "4193423"]
[BlackFideId "1643266"]
[WhiteElo "2447"]
[BlackElo "2299"]
[Result "1-0"]
[Round "8"]
[TimeControl "180+1"]
[Date "2023.08.08"]
[WhiteClock "0:00:03"]
[BlackClock "0:00:06"]
[Board "95"]

1. g4 Nf6 2. g5 Ng8 3. Bg2 e5 4. d4 exd4 5. Nf3 d5 6. Nxd4 Nc6 7. Nc3 Bc5 8. Nb3 Bb4 9. Qxd5 Qxd5 10. Bxd5 Nge7 11. Be4 Bh3 12. Bd2 O-O-O 13. O-O-O Ng6 14. a3 Be7 15. Nd5 Rhe8 16. Nxe7+ Rxe7 17. f3 Nce5 18. Bc3 c6 19. Rxd8+ Kxd8 20. Rd1+ Kc8 21. e3 Bg2 22. Nd2 f6 23. Rg1 Bh3 24. gxf6 gxf6 25. Rg3 Bd7 26. f4 Ng4 27. h3 Nf2 28. Bg2 f5 29. Nc4 Kc7 30. Bb4 Re8 31. Bd6+ Kc8 32. Be5 Rg8 33. Kd2 b5 34. Nd6+ Kd8 35. Ke2 Ke7 36. Kxf2 Rd8 37. h4 Be6 38. h5 Nxe5 39. fxe5 1-0


[Site "https://www.chess.com"]

[Event "Titled Tuesday Blitz August 08 Late 2023"]
[White "Bogaudinov, Rushan"]
[Black "The_Straightforward_Rook"]
[WhiteFideId "4129288"]
[WhiteElo "2429"]
[BlackElo "2287"]
[Result "0-1"]
[Round "8"]
[TimeControl "180+1"]
[Date "2023.08.08"]
[WhiteClock "0:00:03"]
[BlackClock "0:00:52"]
[Board "96"]

1. c4 e5 2. e3 Nf6 3. Nc3 d5 4. cxd5 Nxd5 5. a3 Nc6 6. Qc2 Be7 7. b4 O-O 8. Bb2 Nxc3 9. dxc3 Be6 10. c4 f6 11. Nf3 Kh8 12. Be2 Qe8 13. O-O a5 14. b5 Nb8 15. c5 Qf7 16. a4 c6 17. Rac1 Nd7 18. Ba3 Rfd8 19. e4 Bb3 20. Qb2 Bxa4 21. Bc4 Qg6 22. Be6 Bxb5 23. Rfe1 Nf8 24. Ba2 Rd3 25. Nh4 Qh5 26. g3 Rad8 27. Nf5 Ng6 28. Nd6 Bxd6 29. cxd6 Qf3 30. Bc5 h5 31. Bf7 Qg4 32. Qe2 Rf3 33. Qa2 Nf4 34. Kh1 Rxg3 35. fxg3 Qf3+ 36. Kg1 Nh3# 0-1


[Site "https://www.chess.com"]

[Event "Titled Tuesday Blitz August 08 Late 2023"]
[White "Ladan, Nicholas"]
[Black "Cagara, Paulina"]
[WhiteFideId "30918855"]
[BlackFideId "1124870"]
[WhiteElo "2426"]
[BlackElo "2281"]
[Result "1-0"]
[Round "8"]
[TimeControl "180+1"]
[Date "2023.08.08"]
[WhiteClock "0:01:15"]
[BlackClock "0:00:34"]
[Board "97"]

1. d4 f5 2. Qd3 d6 3. e4 fxe4 4. Qxe4 Nf6 5. Qh4 g6 6. Bh6 Be6 7. Nc3 d5 8. O-O-O c6 9. Nf3 Nbd7 10. Ng5 Bf5 11. f3 Qc7 12. Bxf8 Nxf8 13. Qg3 Qxg3 14. hxg3 h6 15. g4 Bd7 16. Bd3 Rg8 17. Rxh6 b5 18. Re1 b4 19. Na4 O-O-O 20. Nc5 Bxg4 21. fxg4 Nxg4 22. Rh4 Nf2 23. Ba6+ Kb8 24. Rxe7 1-0


[Site "https://www.chess.com"]

[Event "Titled Tuesday Blitz August 08 Late 2023"]
[White "Hng, Mei-En Emmanuelle"]
[Black "Karas, Marek"]
[WhiteFideId "5804566"]
[BlackFideId "14928558"]
[WhiteElo "2272"]
[BlackElo "2424"]
[Result "1-0"]
[Round "8"]
[TimeControl "180+1"]
[Date "2023.08.08"]
[WhiteClock "0:00:06"]
[BlackClock "0:00:00"]
[Board "98"]

1. e4 c5 2. d4 cxd4 3. c3 d3 4. Bxd3 Nc6 5. Bc4 d6 6. Nf3 e6 7. O-O Nf6 8. Qe2 Be7 9. Rd1 Qc7 10. a4 a6 11. Na3 O-O 12. h3 Ne5 13. Nxe5 dxe5 14. Bb3 Bd7 15. Nc4 Bc6 16. Bc2 Rfd8 17. Be3 Rxd1+ 18. Rxd1 b5 19. Nb6 Rd8 20. axb5 axb5 21. Rxd8+ Qxd8 22. c4 b4 23. f3 Qf8 24. Ba4 Bb7 25. Bb5 Bc5 26. Qf2 Bxe3 27. Qxe3 h6 28. c5 Ne8 29. c6 Nc7 30. Nd7 Qa8 31. cxb7 Qxb7 32. Ba4 f6 33. b3 Na6 34. Qb6 Qxb6+ 35. Nxb6 Kf7 36. Kf2 Ke7 37. Ke3 Kd6 38. Kd3 Kc5 39. Nd7+ Kd6 40. Nf8 g5 41. Kc4 f5 42. Ng6 Nc5 43. Kxb4 fxe4 44. fxe4 Nxe4 45. Kc4 Nd2+ 46. Kd3 Nf1 47. b4 Ng3 48. Bb3 e4+ 49. Ke3 e5 50. Nf8 Nf5+ 51. Kxe4 Nd4 52. Bc4 Nc2 53. b5 Nd4 54. Bd3 Nb3 55. Ng6 Nc5+ 56. Ke3 Ne6 57. Be4 Nc5 58. b6 Nd7 59. b7 Kc7 60. Ne7 Nb6 61. Nf5 Nc4+ 62. Kf3 Nd2+ 63. Ke3 Nc4+ 64. Kd3 Na5 65. Nxh6 Nb3 66. Ke3 1-0


[Site "https://www.chess.com"]

[Event "Titled Tuesday Blitz August 08 Late 2023"]
[White "Romero Ruscalleda, Josep"]
[Black "De Souza, Cristiano Gomes"]
[WhiteFideId "2231859"]
[BlackFideId "2151758"]
[WhiteElo "2409"]
[BlackElo "2253"]
[Result "1-0"]
[Round "8"]
[TimeControl "180+1"]
[Date "2023.08.08"]
[WhiteClock "0:01:20"]
[BlackClock "0:01:21"]
[Board "99"]

1. e4 c5 2. c3 d6 3. d4 Nf6 4. dxc5 Nc6 5. Bd3 dxc5 6. Nf3 e6 7. O-O Be7 8. Qe2 O-O 9. Rd1 Qc7 10. Bg5 h6 11. Bh4 e5 12. Nbd2 Bg4 13. h3 Bxf3 14. Qxf3 a6 15. Nf1 b5 16. Ne3 c4 17. Bc2 Rfd8 18. Bxf6 Bxf6 19. Nd5 Qd6 20. Nb6 Qe6 21. Nxa8 Rxa8 22. Rd2 Ne7 23. Rad1 Ng6 24. Qg4 Qxg4 25. hxg4 Kf8 26. g3 Ke8 27. a4 Rb8 28. axb5 axb5 29. Ra1 b4 30. Ra7 bxc3 31. Ba4+ Kf8 32. bxc3 Ne7 33. Rdd7 g5 34. Kg2 Rb1 35. Rdc7 Ra1 36. Rxc4 Kg7 37. Rcc7 Ra3 38. Bb5 Rb3 39. c4 Rb2 40. Rxe7 Bxe7 41. Rxe7 Kf6 42. Rc7 1-0


[Site "https://www.chess.com"]

[Event "Titled Tuesday Blitz August 08 Late 2023"]
[White "Slovineanu, Viacheslav"]
[Black "Kula, Robert"]
[WhiteFideId "13900510"]
[BlackFideId "1101218"]
[WhiteElo "2407"]
[BlackElo "2252"]
[Result "0-1"]
[Round "8"]
[TimeControl "180+1"]
[Date "2023.08.08"]
[WhiteClock "0:00:00"]
[BlackClock "0:00:29"]
[Board "100"]

1. e4 e5 2. Nf3 Nc6 3. Bb5 Nd4 4. Nxd4 exd4 5. O-O Bc5 6. Bc4 d6 7. d3 Be6 8. Nd2 Nf6 9. Bxe6 fxe6 10. Qe2 e5 11. c3 dxc3 12. bxc3 O-O 13. d4 exd4 14. cxd4 Bb6 15. a4 a6 16. a5 Ba7 17. Rb1 Rb8 18. Qc4+ d5 19. exd5 Nxd5 20. Ne4 Kh8 21. Bg5 Qd7 22. Bh4 Nf4 23. Bg3 Bxd4 24. Rfd1 Rbd8 25. Rxb7 Qf5 26. h3 Qxe4 27. Bxf4 Bxf2+ 28. Kh1 Qxc4 0-1


[Site "https://www.chess.com"]

[Event "Titled Tuesday Blitz August 08 Late 2023"]
[White "Mazurkiewicz, Michal"]
[Black "Butti, Enrique"]
[WhiteFideId "1124943"]
[BlackFideId "3700470"]
[WhiteElo "2401"]
[BlackElo "2221"]
[Result "1-0"]
[Round "8"]
[TimeControl "180+1"]
[Date "2023.08.08"]
[WhiteClock "0:00:16"]
[BlackClock "0:00:29"]
[Board "101"]

1. e4 c5 2. Nf3 d6 3. g3 Nc6 4. Bg2 Bg4 5. h3 Bxf3 6. Qxf3 g6 7. c3 Bg7 8. Qe2 e5 9. O-O Nge7 10. d3 O-O 11. a4 f5 12. f4 exf4 13. gxf4 Qd7 14. Na3 d5 15. e5 Nd8 16. Be3 Ne6 17. d4 c4 18. Nb5 Nc8 19. Qf3 Rd8 20. Rfb1 a6 21. Na3 b5 22. axb5 axb5 23. Nc2 Nb6 24. Rxa8 Rxa8 25. Nb4 Nc7 26. h4 Bf8 27. h5 Bxb4 28. cxb4 Ra4 29. Qg3 Qf7 30. Bd2 Ne6 31. Bc3 Kg7 32. Bf3 Qe7 33. Kf2 g5 34. h6+ Kxh6 35. Qh3+ Kg7 36. Qxf5 Nxf4 37. Rg1 Nd3+ 38. Ke3 h6 39. Rf1 Nxb4 40. Bh5 Nc2+ 41. Qxc2 b4 42. Qg6+ 1-0


[Site "https://www.chess.com"]

[Event "Titled Tuesday Blitz August 08 Late 2023"]
[White "Sailer, Mike"]
[Black "Muhammad Shahzeb"]
[WhiteFideId "2012901"]
[BlackFideId "7804806"]
[WhiteElo "2210"]
[BlackElo "2390"]
[Result "0-1"]
[Round "8"]
[TimeControl "180+1"]
[Date "2023.08.08"]
[WhiteClock "0:00:18"]
[BlackClock "0:01:18"]
[Board "102"]

1. d4 Nf6 2. Nc3 e6 3. Bf4 Bb4 4. e3 c5 5. Ne2 Nd5 6. Bg3 Qa5 7. Qd3 b6 8. Bxb8 Rxb8 9. e4 Nf4 10. Nxf4 cxd4 11. Qxd4 e5 12. Qd2 exf4 13. Bd3 O-O 14. O-O Qe5 15. Nd5 Bxd2 0-1


[Site "https://www.chess.com"]

[Event "Titled Tuesday Blitz August 08 Late 2023"]
[White "Guevara Sanchez, Erick Marvin"]
[Black "Sari, Yasin"]
[WhiteFideId "6700136"]
[BlackFideId "6320902"]
[WhiteElo "2143"]
[BlackElo "2388"]
[Result "0-1"]
[Round "8"]
[TimeControl "180+1"]
[Date "2023.08.08"]
[WhiteClock "0:00:14"]
[BlackClock "0:00:11"]
[Board "103"]

1. e4 Nf6 2. e5 Nd5 3. d4 d6 4. Nf3 dxe5 5. dxe5 Bg4 6. Bc4 e6 7. h3 Bh5 8. Nc3 c6 9. Nxd5 exd5 10. Bd3 Bc5 11. O-O O-O 12. Bf4 Nd7 13. c3 Re8 14. Re1 Bg6 15. Bxg6 hxg6 16. Ng5 Be7 17. Nxf7 Kxf7 18. e6+ Kg8 19. exd7 Qxd7 20. Qd3 Qf5 21. Qg3 Bf6 22. Qg4 Kf7 23. Be3 Re6 24. a4 Rae8 25. Qb4 R8e7 26. a5 g5 27. Rf1 Re4 28. Qb3 g4 29. hxg4 Rxg4 30. f3 Rh4 31. Bf2 Rh8 32. Bxa7 Qh5 33. Qb4 Qh2+ 34. Kf2 Bh4+ 35. Qxh4 Qxh4+ 36. Kg1 Re2 37. Bf2 Qh1# 0-1


[Site "https://www.chess.com"]

[Event "Titled Tuesday Blitz August 08 Late 2023"]
[White "laskakid"]
[Black "Korpics, Zsolt"]
[BlackFideId "705241"]
[WhiteElo "2127"]
[BlackElo "2384"]
[Result "0-1"]
[Round "8"]
[TimeControl "180+1"]
[Date "2023.08.08"]
[WhiteClock "0:00:18"]
[BlackClock "0:00:23"]
[Board "104"]

1. e4 c5 2. c3 Nf6 3. e5 Nd5 4. Nf3 e6 5. d4 cxd4 6. cxd4 d6 7. Bc4 Nb6 8. Bd3 Bd7 9. O-O Bc6 10. Nc3 N8d7 11. Re1 dxe5 12. dxe5 Nc5 13. Be2 Qxd1 14. Rxd1 Be7 15. Nd4 Bd7 16. Ndb5 O-O 17. Nd6 Bc6 18. b4 Nca4 19. Nxa4 Nxa4 20. b5 Bd5 21. Bf3 Bxf3 22. gxf3 Rfd8 23. Be3 Nc3 24. Rdc1 Ne2+ 25. Kf1 Nxc1 26. Rxc1 Bxd6 27. exd6 Rxd6 28. Rc7 b6 29. Bf4 Rd5 30. a4 Rd4 31. Be3 Rxa4 32. Ke2 Rb4 33. Bd2 Rxb5 0-1


[Site "https://www.chess.com"]

[Event "Titled Tuesday Blitz August 08 Late 2023"]
[White "Dwilewicz, Katarzyna"]
[Black "Djordjevic, Dejan N"]
[WhiteFideId "1148486"]
[BlackFideId "913316"]
[WhiteElo "2383"]
[BlackElo "2066"]
[Result "1-0"]
[Round "8"]
[TimeControl "180+1"]
[Date "2023.08.08"]
[WhiteClock "0:00:18"]
[BlackClock "0:00:00"]
[Board "105"]

1. e4 c5 2. Nf3 Nc6 3. g3 Nf6 4. Nc3 d6 5. Bg2 g6 6. O-O Bg7 7. Re1 e5 8. d3 O-O 9. Nd5 Nxd5 10. exd5 Ne7 11. c4 h6 12. a3 f5 13. Rb1 Kh7 14. b4 b6 15. Bb2 Ng8 16. Nd2 f4 17. Ne4 g5 18. Kh1 Bf5 19. g4 Bg6 20. f3 h5 21. h3 Bh6 22. Kg1 Ne7 23. Kf2 Be8 24. Bc3 Ng6 25. Qd2 Nh4 26. bxc5 bxc5 27. Ba5 Qd7 28. Rb3 Rf7 29. Reb1 hxg4 30. hxg4 Kg6 31. Qb2 Qa4 32. Bc3 Bf8 33. Bf1 Rd8 34. Be2 Rh7 35. Bd1 Qa6 36. Rb7 Rdd7 37. Rb8 Rde7 38. a4 Bh6 39. a5 Bd7 40. Qb7 Qxb7 41. R1xb7 Bf8 42. Rxf8 Rhf7 43. Rxf7 Rxf7 44. Nxd6 Rh7 45. Ne4 1-0


[Site "https://www.chess.com"]

[Event "Titled Tuesday Blitz August 08 Late 2023"]
[White "dorpato"]
[Black "Davidson, Kevin"]
[BlackFideId "2056810"]
[WhiteElo "2080"]
[BlackElo "2373"]
[Result "0-1"]
[Round "8"]
[TimeControl "180+1"]
[Date "2023.08.08"]
[WhiteClock "0:00:00"]
[BlackClock "0:00:09"]
[Board "106"]

1. e4 c5 2. Nc3 a6 3. g3 b5 4. Bg2 Bb7 5. d3 e6 6. f4 Nf6 7. Nf3 b4 8. Ne2 d5 9. e5 Nfd7 10. O-O Nc6 11. Be3 Be7 12. c3 a5 13. d4 Ba6 14. Re1 O-O 15. h3 bxc3 16. bxc3 Qb6 17. Rb1 Qa7 18. Bf2 Rab8 19. Qd2 Rxb1 20. Rxb1 Rb8 21. Qc2 Rxb1+ 22. Qxb1 Bxe2 23. dxc5 Bxf3 24. Bxf3 Bxc5 25. Bxc5 Nxc5 26. Qb5 Ne4+ 27. Kh2 Qf2+ 28. Bg2 Qxg3+ 29. Kg1 Qf2+ 30. Kh2 Qxf4+ 31. Kg1 Qc1+ 32. Kh2 Qxc3 33. Bxe4 Qxe5+ 34. Kg1 Qd4+ 35. Kh2 dxe4 36. Qxc6 g6 37. Qc8+ Kg7 0-1


[Site "https://www.chess.com"]

[Event "Titled Tuesday Blitz August 08 Late 2023"]
[White "Real_taiatai"]
[Black "Altman, Joshua"]
[BlackFideId "426210"]
[WhiteElo "2359"]
[BlackElo "2570"]
[Result "0-1"]
[Round "8"]
[TimeControl "180+1"]
[Date "2023.08.08"]
[WhiteClock "0:00:20"]
[BlackClock "0:00:12"]
[Board "107"]

1. d4 Nf6 2. Nf3 e6 3. Bf4 b6 4. Nbd2 Bb7 5. e3 Be7 6. h3 O-O 7. Bd3 c5 8. c3 cxd4 9. cxd4 Ba6 10. Bxa6 Nxa6 11. Qe2 Nc7 12. Rc1 d6 13. O-O h6 14. e4 Qd7 15. Rc2 Rfc8 16. Rfc1 Nce8 17. Qa6 Rxc2 18. Rxc2 Rb8 19. a4 g5 20. Bg3 Nh5 21. Bh2 Nf4 22. Bxf4 gxf4 23. Qc4 Bf6 24. e5 Bg7 25. Qc3 dxe5 26. dxe5 Qxa4 27. Qd3 Bf8 28. Ne4 Be7 29. b3 Qa1+ 30. Kh2 Rd8 31. Qb5 Qb1 32. Re2 Qd3 33. Qxd3 Rxd3 34. Rb2 Nc7 35. b4 Nd5 36. b5 Kg7 37. Ra2 Ra3 38. Rxa3 Bxa3 39. Nd4 Bb2 40. Nc6 Nc7 41. Nxa7 Bxe5 42. Nc8 Bd4 43. f3 Nxb5 44. Ned6 Nxd6 45. Nxd6 Bc5 46. Nb5 Kf6 47. h4 Ke5 48. Kh3 Kd5 49. Nc7+ Kc4 50. Kg4 b5 51. Na6 b4 52. Nxb4 Bxb4 53. Kxf4 Be7 54. g4 Bxh4 55. Ke5 Bg5 56. f4 Bxf4+ 57. Kxf4 Kd4 58. g5 hxg5+ 59. Kxg5 e5 0-1


[Site "https://www.chess.com"]

[Event "Titled Tuesday Blitz August 08 Late 2023"]
[White "D`Arruda, Ricardo D."]
[Black "ciroreva-CB"]
[WhiteFideId "100692"]
[WhiteElo "2493"]
[BlackElo "2332"]
[Result "1-0"]
[Round "8"]
[TimeControl "180+1"]
[Date "2023.08.08"]
[WhiteClock "0:00:57"]
[BlackClock "0:00:03"]
[Board "108"]

1. Nf3 d5 2. b3 Nf6 3. Bb2 c5 4. e3 g6 5. Be2 Bg7 6. O-O O-O 7. d4 b6 8. Nbd2 Bb7 9. c4 Nbd7 10. Ne5 Nxe5 11. dxe5 Nd7 12. f4 e6 13. Bf3 Qe7 14. cxd5 exd5 15. Nc4 dxc4 16. Bxb7 Rad8 17. Qf3 cxb3 18. axb3 a5 19. Rad1 Nb8 20. Bd5 Rd7 21. e4 Rfd8 22. g3 Na6 23. Bc4 Nc7 24. Rxd7 Qxd7 25. f5 b5 26. Be2 Re8 27. Rd1 Qc6 28. Rd6 Qb7 29. Rd7 Qc8 30. e6 fxe6 31. Rxg7+ Kf8 32. fxg6# 1-0


[Site "https://www.chess.com"]

[Event "Titled Tuesday Blitz August 08 Late 2023"]
[White "Ai, Evan"]
[Black "Mickiewicz, Piotr"]
[WhiteFideId "2094770"]
[BlackFideId "1114891"]
[WhiteElo "2326"]
[BlackElo "2480"]
[Result "1-0"]
[Round "8"]
[TimeControl "180+1"]
[Date "2023.08.08"]
[WhiteClock "0:00:10"]
[BlackClock "0:00:01"]
[Board "109"]

1. e4 c5 2. Nf3 d6 3. d4 cxd4 4. Nxd4 Nf6 5. Nc3 a6 6. f3 g6 7. Be3 b5 8. Qd2 Nbd7 9. a4 bxa4 10. Rxa4 Bb7 11. Rb4 Rb8 12. Bc4 Bg7 13. O-O O-O 14. Ra1 Ne5 15. Be2 Qc7 16. Nb3 Rfc8 17. Bb6 Qd7 18. Ba7 Ra8 19. Bf2 Rcb8 20. Na4 a5 21. Nb6 Qd8 22. Rxa5 Rxa5 23. Nxa5 Nc6 24. Nxb7 Rxb7 25. Rb3 Nd7 26. Ba6 Rxb6 27. Bxb6 Nxb6 28. h3 Nd4 29. Rc3 Qa8 30. Ra3 Qc6 31. c3 Nb5 32. Ra5 Nc7 33. Bd3 Nc4 34. Bxc4 Qxc4 35. Kh2 Qc6 36. Ra7 Qb6 37. Ra3 Be5+ 38. f4 Bg7 39. e5 d5 40. c4 g5 41. cxd5 gxf4 42. d6 exd6 43. exd6 Ne6 44. d7 Nd8 45. Ra8 Bf6 46. Qxf4 Qe6 47. Qg4+ Kf8 48. Qxe6 fxe6 49. Kg3 Ke7 50. Ra7 Be5+ 51. Kg4 Nc6 52. d8=Q+ Kxd8 53. Rxh7 Bxb2 54. Rh6 Kd7 55. Rh7+ Kd6 56. Kg5 Ne5 57. g4 Nf3+ 58. Kf4 Nd4 59. Ke4 Nb5 60. g5 Nc3+ 61. Kd3 Nd5 62. h4 Nf4+ 63. Ke4 Ne2 64. Rb7 Ng3+ 65. Kf3 Be5 66. Rb6+ Ke7 67. Rb5 Nf5 68. Rxe5 Nxh4+ 69. Kg4 Ng6 70. Re4 Kf7 71. Ra4 Ne7 72. Ra7 e5 73. Kh5 Ke6 74. g6 Nf5 75. g7 Nxg7+ 76. Rxg7 Kf5 77. Rg1 Kf4 78. Kh4 e4 79. Rf1+ Ke3 80. Kg3 Kd2 81. Rf2+ Ke1 82. Ra2 e3 83. Kf3 e2 84. Rxe2+ Kd1 85. Ke3 1-0


[Site "https://www.chess.com"]

[Event "Titled Tuesday Blitz August 08 Late 2023"]
[White "Womacka, Mathias"]
[Black "Weisz, Bryan"]
[WhiteFideId "4611390"]
[BlackFideId "30934133"]
[WhiteElo "2470"]
[BlackElo "2317"]
[Result "1/2-1/2"]
[Round "8"]
[TimeControl "180+1"]
[Date "2023.08.08"]
[WhiteClock "0:00:21"]
[BlackClock "0:00:09"]
[Board "110"]

1. e4 a5 2. d4 d6 3. Nc3 g6 4. f4 Bg7 5. Nf3 Na6 6. a3 c6 7. Bd3 Bg4 8. Be3 e5 9. dxe5 dxe5 10. fxe5 Bxe5 11. h3 Bg3+ 12. Kf1 Be6 13. Ne2 Bc7 14. Nf4 Nf6 15. Nxe6 fxe6 16. Ng5 Nh5 17. Bxa6 O-O+ 18. Kg1 Bb6 19. Bxb6 Qxb6+ 20. Kh2 Qc7+ 21. Kg1 Qb6+ 22. Kh2 Qc7+ 23. Kg1 Qb6+ 1/2-1/2


[Site "https://www.chess.com"]